 Dungeon Crawl Stone Soup version 0.18.1-8-gdd0e5ea (webtiles) character file.

217 M4edhros the Insei (level 5, -5/31 HPs)
             Began as an Octopode Necromancer on May 23, 2016.
             Was an Initiate of Cheibriados.
             Slain by an ogre
             ... wielding a +0 giant club
              (19 damage)
             ... on level 5 of the Dungeon.
             The game lasted 00:11:29 (2369 turns).

M4edhros the Insei (Octopode Necromancer)           Turns: 2369, Time: 00:11:31

Health: -5/31      AC:  1    Str:  9    XL:     5   Next: 94%
Magic:  5/17       EV: 12    Int: 18    God:    Cheibriados [......]
Gold:   191        SH:  0    Dex: 14    Spells: 3 memorised, 3 levels left

rFire  . . .     SeeInvis .       - Unarmed
rCold  . . .     Gourm    .     (no shield)
rNeg   + . .     Faith    .     (helmet restricted)
rPois  .         Spirit   .     (no amulet)
rElec  .         Dismiss  .     i - ring of positive energy
rCorr  .         Reflect  .     n - ring of loudness (curse)
SustAt .         Harm     .     q - ring of magical power
MR     .....                    (no ring)
Stlth  ++........               (no ring)
                                (no ring)
                                (no ring)
                                (no ring)

@: very slightly contaminated, very slow, not resistant to hostile enchantments,
unstealthy
A: almost no armour, amphibious, 8 rings, constrict 8, camouflage 1, gelatinous
body 1
a: Bend Time, Renounce Religion


You were on level 5 of the Dungeon.
You worshipped Cheibriados.
Cheibriados was noncommittal.
You were full.

You visited 1 branch of the dungeon, and saw 5 of its levels.

You collected 191 gold pieces.

Inventory:

Hand Weapons
 g - a +3 mace of holy wrath
Missiles
 d - 14 tomahawks (quivered)
 e - 6 javelins
Jewellery
 i - a ring of positive energy (left tentacle)
 n - a cursed ring of loudness (right tentacle)
 q - a ring of magical power (on tentacle)
Scrolls
 f - a scroll of remove curse
 h - a scroll of noise {unknown}
 o - a scroll of immolation {unknown}
 p - 2 scrolls of identify {unknown}
Potions
 j - a potion of cancellation
Books
 a - a book of Necromancy

   Spells                             Type                      Level
   a - Pain                           Necromancy                   1
   b - Animate Skeleton               Necromancy                   1
   c - Vampiric Draining              Necromancy                   3
   d - Regeneration                   Charms/Necromancy            3
   e - Animate Dead                   Necromancy                   4
   f - Control Undead                 Necromancy                   4
Comestibles
 b - 2 bread rations
 c - 2 beef jerkies
 l - a meat ration
 r - a slice of pizza
 t - 4 chunks of flesh


   Skills:
 - Level 2.0 Dodging
 - Level 2.6 Stealth
 + Level 5.5 Unarmed Combat
 - Level 2.0 Spellcasting
 - Level 4.0 Necromancy


You had 3 spell levels left.
You knew the following spells:

 Your Spells              Type           Power        Failure   Level  Hunger
a - Pain                  Necr           ###.         3%          1    #......
b - Animate Skeleton      Necr           N/A          3%          1    #......
r - Regeneration          Chrm/Necr      #.........   24%         3    ###....


Dungeon Overview and Level Annotations

Branches:
Dungeon (5/15)
 Temple: D:4-7

Altars:
Cheibriados
Dithmenos
Kikubaaqudgha


Innate Abilities, Weirdness & Mutations

You cannot wear most types of armour.
You are amphibious.
You can wear up to eight rings at the same time.
You can use your tentacles to constrict eight enemies at once.
Your skin changes colour to match your surroundings (Stealth).
Your rubbery body absorbs attacks (AC +1).


Message History

Your skin is crawling a little less now.
The ogre shouts!
Found a stone staircase leading up.
An orc comes into view.
Drink which item? (? for menu, Esc to quit)
Okay, then.
You bludgeon the ogre!
The ogre is moderately wounded.
The ogre hits you with a giant club!
Ouch! That really hurt!
You bludgeon the ogre!
The ogre is heavily wounded.
Your quokka skeleton bites the ogre but does no damage.
You tentacle-slap the ogre.
The ogre is severely wounded.
Your skin stops crawling.
Your quokka skeleton bites the ogre but does no damage.
The ogre hits you with a giant club!!
Ouch! That really hurt!
You die...

..# #.# #.# #<#
###### #.# #....#
#.# .
#....#####.###....
#.........@O...#
#>...#####Z#####
##.####....# #.#
.....<.....# ...
##.####....# ....
a......#### ......
#.####.. ..o...#
#### ..o....#


You could see an ogre, 2 orcs and a friendly quokka skeleton.

Vanquished Creatures
  An orc wizard (D:3)
  An iguana (D:4)
  A worker ant (D:4)
  4 adders
  A worm (D:3)
  3 dart slugs
  2 giant geckos
  7 orcs (D:3)
  2 ball pythons
  7 bats
  6 giant cockroaches
  11 goblins
  6 hobgoblins
  8 jackals (D:2)
  3 kobolds
  2 quokkas
  7 giant newts
  7 rats
79 creatures vanquished.

Vanquished Creatures (collateral kills)
  A worm (D:2)
  An orc (D:4)
  A goblin (D:1)
3 creatures vanquished.

Grand Total: 82 creatures vanquished

Notes
Turn   | Place    | Note
--------------------------------------------------------------
     0 | D:1      | M4edhros the Octopode Necromancer began the quest for the Orb.
     0 | D:1      | Reached XP level 1. HP: 11/11 MP: 3/3
    52 | D:2      | Found a snail-covered altar of Cheibriados.
    66 | D:1      | Reached skill level 1 in Unarmed Combat
   128 | D:2      | Reached XP level 2. HP: 4/17 MP: 5/5
   236 | D:1      | Learned a level 1 spell: Animate Skeleton
   334 | D:1      | Reached skill level 2 in Unarmed Combat
   720 | D:1      | Reached XP level 3. HP: 4/21 MP: 3/6
   725 | D:1      | Learned a level 3 spell: Regeneration
   776 | D:2      | Found a shadowy altar of Dithmenos.
   778 | D:2      | Found an ancient bone altar of Kikubaaqudgha.
   899 | D:3      | Reached skill level 3 in Unarmed Combat
  1119 | D:2      | Reached XP level 4. HP: 24/27 MP: 1/7
  1405 | D:2      | Reached skill level 4 in Unarmed Combat
  1874 | D:3      | Reached XP level 5. HP: 20/31 MP: 1/8
  2064 | D:2      | Became a worshipper of Cheibriados the Contemplative
  2239 | D:4      | Reached skill level 5 in Unarmed Combat
  2262 | D:4      | HP: 1/31 [orc priest/divine providence (13)]
  2289 | D:4      | Found Lyurupra's Gadget Shoppe.
  2338 | D:5      | Entered Level 5 of the Dungeon
  2363 | D:5      | Noticed an ogre
  2369 | D:5      | Slain by an ogre

Skill      XL: |  1  2  3  4  5 |
---------------+----------------+-----
Unarmed Combat | 1 2 3 4 5 |  5.5
Dodging        | |  2.0
Stealth        | |  2.6
Spellcasting   | |  2.0
Necromancy     | |  4.0

Action                   |  1- 3 |  4- 6 || total
-------------------------+-------+-------++-------
Melee: Unarmed           |    54 |   108 ||   162
       Constrict         |    16 |    31 ||    47
       Tentacles         |     7 |    20 ||    27
       Punch             |       |     3 ||     3
 Cast: Pain              |    29 |     7 ||    36
       Animate Skeleton  |     8 |    11 ||    19
       Regeneration      |     5 |    14 ||    19
  Use: Scroll            |     3 |     3 ||     6
       Potion            |       |     3 ||     3
 Stab: Sleeping          |     3 |     3 ||     6
       Distracted        |       |     1 ||     1
  Eat: Chunk             |     2 |     8 ||    10
       Meat ration       |       |     1 ||     1
Armor: Skin              |     9 |    11 ||    20
Dodge: Dodged            |    31 |    45 ||    76
